[Event "44th Chess Olympiad Women 2022"]
[Site "Chennai"]
[Date "2022.08.02"]
[Round "5.41"]
[White "Mongeli, Sasha"]
[Black "Enomah Emmanuella Trust"]
[Result "1-0"]
[ECO "A15"]
[WhiteElo "1672"]
[BlackElo "1901"]
[Annotator "TA"]
[PlyCount "239"]
[EventDate "2022.07.29"]
[EventType "team-tourn"]
[EventCountry "IND"]
[SourceTitle "playchess.com"]
[Source "ChessBase"]
[SourceQuality "1"]
[WhiteTeam "Kenya"]
[BlackTeam "Nigeria"]
[WhiteTeamCountry "KEN"]
[BlackTeamCountry "NGR"]
[TimeControl "40/5400+30:1800+30"]

1. Nf3 Nf6 2. c4 g6 3. b3 Bg7 4. Bb2 d6 5. g3 e5 6. d3 Nbd7 7. Bg2 O-O 8. O-O a5 {[%emt 0:00:41] A15: English Opening: 1...Nf6.} 9. a3 h6 10. Nc3 {[%emt 0:09:11] [#]} Nc5 $146 {[%emt 0:02:39] The position is equal.} ({Predecessor:} 10... Re8 11. e4 Nc5 12. b4 axb4 13. axb4 Rxa1 14. Bxa1 Na6 15. Qb1 Nh7 16. h3 Ng5 {1-0 (67) Pedersen,F (2305)-Onley,D (2103) Berlin 2019}) 11. b4 Ne6 12. Nd5 (12. e3 $11) 12... c6 (12... Nxd5 $15 13. cxd5 e4 14. Bxg7 exf3 15. Bxf8 fxg2 16. Kxg2 Nxf8) 13. Nxf6+ $11 Bxf6 14. Qd2 Bg7 15. Bc3 Nd4 16. Qb2 {[%emt 0:02:08][%cal Rf3d4] Prevents Nb3.} (16. bxa5 Nb3 17. Qb2 Nxa1 18. Rxa1 f6 $17) 16... Nxf3+ 17. Bxf3 Bh3 18. Bg2 Bxg2 19. Kxg2 axb4 20. axb4 Qd7 21. Ra5 (21. b5 {is more complex.} h5 22. Rfb1 h4 23. bxc6 bxc6 24. f3) 21... b6 22. Ra2 Qb7 23. Rfa1 f6 (23... h5 $11 {remains equal.}) 24. f3 d5 25. cxd5 cxd5 26. b5 Rxa2 27. Rxa2 Ra8 {[%emt 0:01:48] Prevents Ra6.} 28. Qa1 Rxa2 29. Qxa2 $14 {[%emt 0:00:05][%mdl 4096] Endgame Threatens to win with e4. KQB-KQB} Kh7 30. Qa6 Qc7 31. Bb4 h5 32. Qa8 d4 (32... Qc2 $11 33. Kf2 Qb2) 33. Qc6 $36 {[%emt 0:00:47][%mdl 2048] White has strong initiative.} Qa7 34. Bd6 ({Better is} 34. Kf2 $1) 34... Qa2 35. Kf2 Qa1 (35... Qd2 $16 {was necessary.}) 36. f4 $18 {[%emt 0:01:28] aiming for Bc7.} (36. Qxb6 Qh1 $11) 36... Qa5 $2 (36... Qb1 {was called for.} 37. Qc7 (37. Qxb6 e4 $18) (37. fxe5 fxe5 38. Qb7 Kh8 $16) 37... Kh8 38. Qd8+ (38. fxe5 Qh1 $16) 38... Kh7) 37. fxe5 fxe5 {[%emt 0:00:34][%cal Oe5e4] [#]} 38. Bc7 $2 (38. Qc7 $1 $18 Kg8 39. Bxe5 Bxe5 40. Qxe5) 38... Qd2 $2 (38... e4 $16) 39. Bxb6 ({Not} 39. Qe4 Qg5 $16) 39... Qe3+ 40. Kf1 Bh6 $2 (40... Qg5 41. Bc7 e4) 41. Ba5 h4 42. Qb7+ Bg7 43. Qe4 {[%emt 0:01:43] Active counter play!} Qc1+ 44. Be1 {[%emt 0:00:26] Black must now prevent b6.} hxg3 45. hxg3 Qc5 (45... Qb1 46. Qb7 e4 47. dxe4 Kh6) 46. Qc6 Bf8 47. Qb7+ Qe7 48. Qh1+ Kg7 49. b6 $2 ({White should try} 49. Qc6 $18) 49... Qf6+ $11 50. Bf2 Qxb6 51. Qd5 Qd6 52. Qb7+ Be7 53. Kg2 Kf7 54. Be1 Ke6 55. Qc8+ Kf7 56. Qa8 Bd8 57. Bd2 Be7 58. Qb7 Kf6 59. Qa8 Kf7 60. Qa2+ Kg7 61. Qc4 Qd7 62. Qc1 Qd5+ 63. Kh2 e4 64. Qf1 e3 65. Be1 Qa2 66. Qf3 Qa1 67. Qe4 Bf6 68. Bb4 Qa7 {[%emt 0:02:47] Prevents Qb7+.} 69. Bd6 Qa2 70. Qb7+ Qf7 71. Qe4 Kh7 72. Qf3 Qe6 73. Qb7+ Kh6 $2 (73... Kh8 $11 {and Black has nothing to worry.} 74. Qb8+ Kh7) 74. Bf8+ $18 Kg5 75. Qh7 {[%emt 0:02:00] Intending Qh4+ and mate.} Qd5 $2 (75... Qg4 {is a self mate.} 76. Bh6+ Kf5 77. Qd7+ Ke5 78. Qxg4 Kd6 79. Bf8+ Kc7 80. Qf4+ Kc8 81. Qxf6) (75... Qe8 76. Qh3 Qxf8 77. Qh4+ Kf5 78. Qe4+ Kg5 79. Qh4+ Kf5 80. Qe4+ Kg5 81. Qh4+) 76. Qh4+ $2 (76. Qh3 Bd8 77. Bg7) 76... Kf5 {[%emt 0:00:10] [#]} 77. Qf4+ $2 (77. Qh3+ $1 $18 Ke5 78. Qg4 (78. Qc8 Qd8 $11)) 77... Ke6 $11 78. Qg4+ Kf7 79. Bb4 Qb5 80. Bd6 Qc6 81. Bf4 Qb5 82. Bd6 Qc6 83. Bf4 Be7 $2 {[%emt 0:00:37][%mdl 8192] White stays focused until the end.} (83... Kg7 $11) 84. Be5 $18 Bc5 85. Bxd4 Bxd4 $2 (85... Bd6 $18 86. Qh4 Be7 87. Qf4+ Kg8) 86. Qxd4 {[%emt 0:00:09] KQ-KQ} Qe8 87. Kg2 {[%emt 0:00:55] White threatens Qe4 and mate.} Qa8+ 88. Qe4 Qa7 89. Kf3 (89. d4 $142 Qa5 90. Qxe3) 89... g5 90. Qf5+ Ke8 91. Qxg5 Qf7+ 92. Qf4 Qh5+ 93. Kxe3 (93. g4 $142 Qh3+ 94. Qg3 Qh1+ 95. Kxe3 Qc1+ 96. Kf2 Kf8 97. Qb8+ Kf7 98. Qe5) 93... Qc5+ 94. Kf3 Qc2 95. Qe4+ Kf8 96. Qf4+ $2 (96. d4 {mates} Qc3+ 97. e3 Qe1 98. d5 Qh1+ 99. Kf4 Qh6+ 100. Kg4 Qh2 101. d6) 96... Kg7 $2 (96... Ke8 $11 97. g4 Qc3) 97. Qe5+ Kg6 98. Qe6+ Kg7 99. Qe7+ Kg6 100. Qe4+ Kg7 101. d4 Qc1 102. Qg4+ Kh7 103. Qd7+ Kh8 104. Qe8+ Kh7 105. Qf7+ Kh8 106. Qf6+ Kh7 107. Qh4+ Kg6 108. Qe4+ Kg7 109. Qe5+ Kg6 110. Qe6+ Kg7 111. Qe3 Qc6+ 112. Kg4 (112. Kf2 $142 Qf6+ 113. Qf4 Qb6 114. Qe5+ Kf7 115. Qh5+ Kg7 116. Kg2 Kg8 117. Qe8+ Kh7 118. Qe7+ Kg6 119. d5) 112... Qd7+ 113. Kh4 (113. Kf4 $142 Qf7+ 114. Kg5 Qg6+ 115. Kh4 Qh7+ 116. Kg4 Qg6+ 117. Kh4 Qh7+ 118. Kg4 Qg6+ 119. Qg5) 113... Kh8 114. Qe5+ {[%emt 0:00:47] White mates.} Kg8 115. d5 Qh7+ 116. Kg4 Qc2 117. Qe6+ Kh8 118. Qe8+ Kg7 119. Qe7+ Kh8 120. Qf8+ {[%emt 0:00:10] Weighted Error Value: White=0.51/Black=0.32} (120. Kg5 $142 Qc8 121. d6 Qg8+ 122. Kf6 Qxg3 123. Qe5 Qg7+ 124. Kf5 Qxe5+ 125. Kxe5) 1-0

[Event "44th Chess Olympiad Women 2022"]
[Site "Chennai"]
[Date "2022.08.02"]
[Round "5.41"]
[White "Madelta Glenda"]
[Black "Ogbiyoyo, Perpetual Eloho"]
[Result "1-0"]
[ECO "A45"]
[WhiteElo "1516"]
[BlackElo "1886"]
[Annotator "NA RC COMBH"]
[PlyCount "101"]
[EventDate "2022.07.29"]
[EventType "team-tourn"]
[EventCountry "IND"]
[SourceTitle "playchess.com"]
[Source "ChessBase"]
[SourceQuality "1"]
[WhiteTeam "Kenya"]
[BlackTeam "Nigeria"]
[WhiteTeamCountry "KEN"]
[BlackTeamCountry "NGR"]
[TimeControl "40/5400+30:1800+30"]

1. d4 Nf6 2. Bf4 c5 3. e3 Nd5 4. Bg3 Qb6 5. b3 cxd4 6. exd4 Nc6 7. Nf3 e6 8. c3 Nf6 9. Bd3 d5 10. O-O Be7 11. Nbd2 O-O 12. Ne5 g6 13. h3 Nxe5 14. Bxe5 Nd7 15. Bf4 Bd6 16. Bh6 Re8 17. Qf3 Qd8 18. c4 Nf8 19. Kh1 Bd7 20. cxd5 exd5 21. Qxd5 Bc6 22. Qg5 Be7 23. Qg4 Ne6 24. Nf3 Bf6 25. Bc4 Nxd4 26. Rad1 Re4 27. Qg3 Qe7 28. Nxd4 Bxd4 29. Bg5 Qc5 30. f3 Be5 31. Bxf7+ Kg7 32. Qf2 Qxf2 33. Rxf2 Rd4 34. Rxd4 Bxd4 35. Rd2 Bc5 36. Bd5 Bb4 37. Rd1 h6 38. Bxc6 hxg5 39. Bxb7 Rb8 40. Rd7+ Kf6 41. Be4 a5 42. Rb7 Rd8 43. Rb6+ Ke5 44. Rb5+ Kf4 45. Rd5 Rc8 46. Bxg6 Be7 47. Kh2 Rc1 48. Rf5+ Ke3 49. Re5+ Kf2 50. Rxe7 Rg1 51. Re2+ 1-0

[Event "44th Chess Olympiad Women 2022"]
[Site "Chennai"]
[Date "2022.08.02"]
[Round "5.42"]
[White "Caxita, Esperanca"]
[Black "Lohani, Sujana"]
[Result "1-0"]
[ECO "B07"]
[WhiteElo "1955"]
[BlackElo "1697"]
[Annotator "TA"]
[PlyCount "119"]
[EventDate "2022.07.29"]
[EventType "team-tourn"]
[EventCountry "IND"]
[SourceTitle "playchess.com"]
[Source "ChessBase"]
[SourceQuality "1"]
[WhiteTeam "Angola"]
[BlackTeam "Nepal"]
[WhiteTeamCountry "ANG"]
[BlackTeamCountry "NEP"]
[TimeControl "40/5400+30:1800+30"]

1. e4 g6 2. d4 Bg7 3. c3 d6 4. Nf3 Nf6 5. Nbd2 O-O 6. Be2 c5 7. O-O cxd4 {[%emt 0:03:18] B07: Pirc Defence: Miscellaneous Systems.} 8. cxd4 Nc6 9. b3 {[%emt 0:01:49] [#]} e5 $146 {[%emt 0:07:45] The position is equal.} ({Predecessor:} 9... Bg4 10. Bb2 Bxf3 11. Bxf3 Nd7 12. Nc4 b5 13. Ne3 Rc8 14. Rc1 e5 15. dxe5 Ndxe5 16. Bxe5 dxe5 17. Qxd8 Rfxd8 18. Bg4 f5 19. exf5 h5 20. Bh3 Rd6 21. f6 {1-0 (21) Puuska,H (1990)-Ahlqvist,E (1897) Finland 2019}) 10. d5 Ne7 11. Ba3 (11. a4 $14 {deserves consideration.}) 11... a6 12. Rc1 h6 (12... Ne8 $11) 13. Qc2 Ne8 {[%emt 0:02:57] Prevents Qc7.} 14. Ne1 f5 15. f3 f4 (15... b5 $15) 16. Nd3 g5 17. Nf2 Rf6 18. Qc3 h5 (18... Bd7 $14) 19. Nc4 $16 b5 20. Na5 {[%emt 0:02:28] White is more active.} (20. Qa5 $16 Qxa5 21. Nxa5) 20... Rg6 21. h3 {[%emt 0:01:00] Against g4} Bf8 (21... Bf6 {is interesting.} 22. Rfd1 Qb6 23. Nc6 Bd7) 22. Bb4 Bd7 23. Qd2 (23. Nc6 $14 Qb6 24. Ba5) 23... Qb6 $11 24. Kh2 (24. Qc3 $11) 24... Nf6 $15 25. Qd1 ({Better is} 25. Qe1 $15) 25... g4 $1 $17 {[%emt 0:01:19] And now ...g3+ would win.} 26. fxg4 hxg4 (26... Qe3 27. Rc3 Qb6 28. gxh5 $18) 27. Bxg4 Bxg4 (27... Qe3 28. Bf3 Qb6 29. Kh1 $16) 28. hxg4 Rh6+ 29. Nh3 Nxe4 30. Nc6 Nf2 (30... a5 $17 31. Be1 Ng5) 31. Qf3 $11 {[%emt 0:05:22] Chess con chili.} Nxh3 ({But not} 31... Nxc6 32. dxc6 Nxh3 33. gxh3 $16) 32. gxh3 Ng6 $1 33. Be1 (33. g5 $11 Rh7 34. Qd3) 33... Re8 $2 (33... Qc7 $15 {keeps the upper hand.}) 34. Qe4 (34. g5 $1 $16 Rh7 35. Qe4) 34... Qe3 $1 35. Qxe3 fxe3 36. Bg3 {[%emt 0:00:36] Against Nf4} Rh7 37. Rce1 Bh6 38. Rf6 Nf4 39. Rxd6 (39. Bxf4 $5 Bxf4+ 40. Kg2 $14) 39... Bf8 40. Bxf4 Bxd6 41. Bxe3 e4+ 42. Kg2 Rf8 43. Nd4 {[%emt 0:02:35] Against Rf3} Rc7 44. Re2 Rc3 (44... Rfc8 $1 $11 {remains equal.}) 45. Nf5 $16 Rd8 46. Bd4 Rd3 47. Rxe4 {[%emt 0:00:00] Threatens to win with Re6.} Rd2+ (47... Bf8 $14) 48. Kf3 $18 {[%emt 0:00:00] Hoping for Re6.} Bf8 49. Re6 $1 Rxd5 50. Ke4 ({And not} 50. Rxa6 Rxf5+ $1 51. gxf5 Rxd4 $15) 50... Rd7 51. Rxa6 Rg2 52. a4 (52. Kf3 $18 Rd2 53. Be3) 52... bxa4 $16 53. bxa4 Rh7 (53... Rc2 $16 {was worth a try.}) 54. Kf3 $18 Rh2 {[%emt 0:00:00] [#]} 55. h4 R7xh4 $2 (55... Rd7 56. h5 Rh1) 56. Nxh4 {[%emt 0:00:00] aiming for Nf5.} Rxh4 57. a5 Rh3+ 58. Ke4 Ra3 59. Ra8 Kf7 {[%emt 0:00:23] [#]} 60. Rxf8+ $1 {[%emt 0:00:37] White used his chance.  Weighted Error Value: White=0.22 (precise) /Black=0.55} 1-0

[Event "44th Chess Olympiad Women 2022"]
[Site "Chennai"]
[Date "2022.08.02"]
[Round "5.42"]
[White "Paulo, Jemima"]
[Black "Dhimal, Shanti"]
[Result "1-0"]
[ECO "A29"]
[WhiteElo "1850"]
[BlackElo "1499"]
[Annotator "NA RC COMBH"]
[PlyCount "77"]
[EventDate "2022.07.29"]
[EventType "team-tourn"]
[EventCountry "IND"]
[SourceTitle "playchess.com"]
[Source "ChessBase"]
[SourceQuality "1"]
[WhiteTeam "Angola"]
[BlackTeam "Nepal"]
[WhiteTeamCountry "ANG"]
[BlackTeamCountry "NEP"]
[TimeControl "40/5400+30:1800+30"]

1. c4 e5 2. Nc3 Nf6 3. Nf3 Nc6 4. g3 d5 5. cxd5 Nxd5 6. Qb3 Nb6 7. Bg2 Be7 8. O-O O-O 9. d3 Be6 10. Qc2 f6 11. Be3 Qd7 12. Rfd1 Nd4 13. Bxd4 exd4 14. Ne4 Rad8 15. Rdc1 c6 16. Nc5 Qc8 17. b4 Bf7 18. Qb2 Bxc5 19. bxc5 Na4 20. Qc2 Nc3 21. Nxd4 Nxa2 22. Rxa2 Rxd4 23. Rxa7 Qb8 24. Rca1 Rb4 25. Be4 g6 26. Qc3 Rb5 27. d4 f5 28. Bd3 Rb3 29. Qc2 f4 30. Bc4 fxg3 31. Bxf7+ Rxf7 32. Ra8 gxf2+ 33. Kf1 Rh3 34. Rxb8+ Kg7 35. Qe4 Rh5 36. Ra3 g5 37. Qe5+ Kh6 38. Qe6+ Kg7 39. Raa8 1-0

[Event "44th Chess Olympiad Women 2022"]
[Site "Chennai"]
[Date "2022.08.02"]
[Round "5.42"]
[White "Kapali, Binita"]
[Black "Pires, Luzia"]
[Result "0-1"]
[ECO "B23"]
[WhiteElo "1511"]
[BlackElo "1842"]
[Annotator "NA RC COMBH"]
[PlyCount "84"]
[EventDate "2022.07.29"]
[EventType "team-tourn"]
[EventCountry "IND"]
[SourceTitle "playchess.com"]
[Source "ChessBase"]
[SourceQuality "1"]
[WhiteTeam "Nepal"]
[BlackTeam "Angola"]
[WhiteTeamCountry "NEP"]
[BlackTeamCountry "ANG"]
[TimeControl "40/5400+30:1800+30"]

1. e4 c5 2. Nc3 d6 3. Bb5+ Bd7 4. Bc4 Nf6 5. d3 g6 6. f4 Nc6 7. Nge2 Bg7 8. O-O O-O 9. Ng3 Na5 10. Bb5 Bg4 11. Qe1 a6 12. Ba4 b5 13. Bb3 Nxb3 14. axb3 Bd7 15. f5 Bc6 16. Nce2 Ng4 17. Nf4 b4 18. fxg6 hxg6 19. Qd1 Bd4+ 20. Kh1 Nf2+ 21. Rxf2 Bxf2 22. Qg4 Bd7 23. Nf5 Bxf5 24. exf5 Bd4 25. fxg6 fxg6 26. Qxg6+ Bg7 27. Bd2 Rf6 28. Qg4 Qc8 29. Qg3 Qf5 30. c3 e5 31. Ne2 Rg6 32. Qh4 Rf8 33. Qc4+ Kh7 34. Ng3 Qf2 35. Qh4+ Kg8 36. Qc4+ Kh7 37. Qh4+ Bh6 38. Bxh6 Rxh6 39. Qe4+ Kh8 40. Ne2 Rh4 41. Qd5 Qxe2 42. Qxd6 Rf1+ 0-1

[Event "44th Chess Olympiad Women 2022"]
[Site "Chennai"]
[Date "2022.08.02"]
[Round "5.42"]
[White "Neupane, Anisha"]
[Black "Antonio, Renelsa Taiane"]
[Result "1-0"]
[ECO "C45"]
[WhiteElo "1488"]
[BlackElo "1471"]
[Annotator "NA RC COMBH"]
[PlyCount "121"]
[EventDate "2022.07.29"]
[EventType "team-tourn"]
[EventCountry "IND"]
[SourceTitle "playchess.com"]
[Source "ChessBase"]
[SourceQuality "1"]
[WhiteTeam "Nepal"]
[BlackTeam "Angola"]
[WhiteTeamCountry "NEP"]
[BlackTeamCountry "ANG"]
[TimeControl "40/5400+30:1800+30"]

1. e4 e5 2. Nf3 Nc6 3. d4 exd4 4. Nxd4 Qf6 5. Nf3 Bb4+ 6. c3 Ba5 7. Be3 d6 8. Nbd2 Bb6 9. Qe2 Bxe3 10. Qxe3 Be6 11. Ng5 h6 12. Nxe6 fxe6 13. O-O-O Nge7 14. f3 O-O 15. h4 Ne5 16. Be2 Qf4 17. Qxf4 Rxf4 18. g3 Rf6 19. f4 Nd7 20. h5 Kh8 21. Nf3 Nc5 22. e5 dxe5 23. Nxe5 Nf5 24. Rhg1 Nd6 25. Ng6+ Kh7 26. Kc2 Rxg6 27. hxg6+ Kxg6 28. b4 Nd7 29. c4 b6 30. g4 Rf8 31. Bd3+ Kf7 32. g5 h5 33. g6+ Ke7 34. Rdf1 Nf5 35. Kc3 Ne3 36. Re1 Nf5 37. Rg5 Kf6 38. Rh1 h4 39. Bxf5 exf5 40. Rxh4 Ne5 41. Rhh5 Nxg6 42. Rxf5+ Ke6 43. Rxf8 Nxf8 44. Kd4 c6 45. Re5+ Kd7 46. Rg5 Ne6+ 47. Ke5 Nxg5 48. fxg5 Ke7 49. a3 g6 50. a4 a6 51. a5 b5 52. c5 Ke8 53. Kd6 Kf7 54. Kxc6 Ke6 55. Kb7 Kd5 56. c6 Kc4 57. c7 Kxb4 58. Kxa6 Ka4 59. c8=Q b4 60. Qc2+ b3 61. Qxg6 1-0

[Event "44th Chess Olympiad Women 2022"]
[Site "Chennai"]
[Date "2022.08.02"]
[Round "5.43"]
[White "Henderson de La Fuente, Andrea"]
[Black "Shabanaj, Eglantina"]
[Result "1-0"]
[ECO "B26"]
[WhiteElo "1962"]
[BlackElo "1940"]
[Annotator "TA"]
[PlyCount "79"]
[EventDate "2022.07.29"]
[EventType "team-tourn"]
[EventCountry "IND"]
[SourceTitle "playchess.com"]
[Source "ChessBase"]
[SourceQuality "1"]
[WhiteTeam "Andorra"]
[BlackTeam "Albania"]
[WhiteTeamCountry "AND"]
[BlackTeamCountry "ALB"]
[TimeControl "40/5400+30:1800+30"]

1. e4 e6 2. d3 c5 3. g3 Nc6 4. Bg2 g6 5. Be3 Bg7 6. Nc3 d6 7. Qd2 Nge7 8. Nge2 Nd4 9. Nc1 {[%emt 0:06:04] B26: Closed Sicilian: 3 g3, lines with early Be3.} Rb8 10. Nd1 b5 (10... h5 $15 {feels stronger.}) 11. c3 $11 {[%emt 0:00:32] The position is equal.} Ndc6 12. Bh6 O-O 13. h4 f6 14. Bxg7 Kxg7 15. h5 g5 {[%emt 0:03:18] [#]} 16. h6+ $146 ({Predecessor:} 16. f4 h6 17. Ne3 b4 18. Ne2 bxc3 19. bxc3 Bd7 20. O-O Qb6 21. Rf2 Na5 22. Rc1 {½-½ (50) McLaren,B-Patterson,R (2173) Richmond 2002}) 16... Kh8 17. f4 Rg8 18. Ne3 d5 19. Ng4 Ng6 ({Better is} 19... gxf4 $15 20. Qxf4 Rf8) 20. e5 $2 (20. fxg5 $14 fxg5 21. O-O) 20... fxe5 $2 ({Black should play} 20... gxf4 $19 21. Nxf6 f3) 21. fxg5 Nce7 22. Qf2 {[%emt 0:10:35] [#] Threatening mate with Qf6+.} Nf5 23. Nf6 $36 {[%emt 0:00:21][%mdl 2048] White is more active.} Rf8 24. g4 ({White must play} 24. O-O $1 $14) 24... Nd6 25. Qxc5 {[%emt 0:00:09] [#]} (25. O-O $1 $11) 25... Nf7 $1 $17 26. Ne2 Nxg5 27. Nh5 Nh4 $2 28. Rxh4 $18 Nf3+ 29. Bxf3 {[%emt 0:01:33] Strongly threatening Rh3.} ({But not} 29. Kd1 $2 Nxh4 30. Bh3 (30. Qxa7 $2 Rb7 $19) 30... Rb7 $19) 29... Qxh4+ 30. Neg3 ({Weaker is} 30. Qf2 Qxf2+ 31. Kxf2 e4 $15) 30... Rxf3 (30... Qd8 31. Qxa7 Bb7) 31. Qc7 {[%emt 0:01:33][%csl Gh5,Gh6][%cal Rc7g7] White is clearly winning.} Qg5 32. Qxb8 Qe3+ 33. Ne2 Rf8 34. Qd6 Kg8 35. Qc7 Qxh6 36. Qxe5 Bd7 37. Nef4 Rf7 38. g5 Qf8 39. Nf6+ Rxf6 40. gxf6 {[%emt 0:00:14] Weighted Error Value: White=0.36/Black=0.67} 1-0

[Event "44th Chess Olympiad Women 2022"]
[Site "Chennai"]
[Date "2022.08.02"]
[Round "5.43"]
[White "Gjergji, Rozana"]
[Black "De la Riva Real, Jana"]
[Result "1-0"]
[ECO "C02"]
[WhiteElo "1920"]
[BlackElo "1167"]
[Annotator "TA"]
[PlyCount "85"]
[EventDate "2022.07.29"]
[EventType "team-tourn"]
[EventCountry "IND"]
[SourceTitle "playchess.com"]
[Source "ChessBase"]
[SourceQuality "1"]
[WhiteTeam "Albania"]
[BlackTeam "Andorra"]
[WhiteTeamCountry "ALB"]
[BlackTeamCountry "AND"]
[TimeControl "40/5400+30:1800+30"]

1. e4 e6 2. d4 d5 3. e5 c5 4. c3 Nc6 5. Nf3 Qb6 6. Be2 Nge7 7. Na3 {[%emt 0:02:30] aiming for dxc5.} Nf5 {[%emt 0:05:13][%cal Rc5d4] C02: French: Advance Variation.} 8. Nc2 Be7 (8... cxd4 $11 9. cxd4 (9. Nfxd4 Bc5 $15) 9... Be7) 9. O-O O-O (9... cxd4 $11 {remains equal.} 10. Ncxd4 (10. Nfxd4 Nfxd4 11. cxd4 O-O $11) 10... Nfxd4 11. cxd4 Bd7) 10. Rb1 (10. dxc5 $16 Qxc5 11. Bd3) 10... Bd7 {[%emt 0:06:05] [#]} 11. Ne3 $146 (11. dxc5 $14 Qxc5 12. Bd3) ({Predecessor:} 11. h3 Rac8 12. g4 Nh4 13. Nxh4 Bxh4 14. Bf4 f6 15. exf6 Bxf6 16. Bd6 Nxd4 17. Bxf8 Nxe2+ 18. Qxe2 Rxf8 {1-0 (32) Kuttner,J (917)-Hickl,N (993) LSS email 2017}) 11... Nxe3 $11 12. fxe3 cxd4 (12... f5 $11) 13. exd4 $14 f6 14. exf6 Bxf6 15. Kh1 Rae8 16. Bf4 Ne7 17. Bd3 Bb5 18. Bxb5 Qxb5 19. Re1 Ng6 20. Bg3 Qd7 21. Qd3 Re7 22. Re2 Rfe8 23. Rbe1 a6 24. h4 Nh8 25. Bh2 {[%emt 0:02:30] White is more active.} (25. Nh2 $16) 25... Nf7 {[%emt 0:02:54] [#]} (25... Ng6 $14) 26. g4 $1 $16 {[%emt 0:01:36][%cal Bg2g4,Bg4g5][%mdl 32] Threatens to win with g5.} g6 27. g5 Bh8 {[%emt 0:02:20] [#]} (27... Bg7 $16) 28. Bf4 $2 (28. h5 $1 $18 ) 28... Nd6 $14 29. Nh2 Ne4 30. Ng4 $36 {[%emt 0:00:26][%mdl 2048] White has some pressure.} Bg7 31. Rh2 Rf7 32. Be5 {[%emt 0:03:54] Strongly threatening Bxg7.} Qe7 (32... Rf5 $11) 33. Bf6 Nxf6 {[%emt 0:01:43] This move loses the game for Black.} (33... Qc7 $14) 34. gxf6 $18 Rxf6 35. Nxf6+ Bxf6 (35... Qxf6 $142 36. Rf1 Qe7) 36. Qh3 Qg7 (36... h5 $142 37. Rhe2 Qf7 38. Rxe6 Re7 39. Rxe7 Bxe7) 37. Rxe6 Rxe6 38. Qxe6+ {[%emt 0:00:02] KQR-KQB} Qf7 39. Qg4 (39. Qxf7+ $142 Kxf7 40. h5) 39... Qe7 $2 (39... h5 {was necessary.} 40. Qf3 Kg7) 40. Re2 Qf7 41. h5 g5 (41... Kg7 $142 42. Kg2 Qc7) 42. h6 {[%emt 0:00:12] Qc8+ would kill now.} b5 43. Qc8+ {[%emt 0:00:00] Weighted Error Value: White=0.28 (precise) /Black=0.62} 1-0

[Event "44th Chess Olympiad Women 2022"]
[Site "Chennai"]
[Date "2022.08.02"]
[Round "5.43"]
[White "Shuqja, Klean"]
[Black "De la Riva Real, Ariadna"]
[Result "1-0"]
[ECO "B38"]
[WhiteElo "1883"]
[BlackElo "1649"]
[Annotator "NA RC COMBH"]
[PlyCount "83"]
[EventDate "2022.07.29"]
[EventType "team-tourn"]
[EventCountry "IND"]
[SourceTitle "playchess.com"]
[Source "ChessBase"]
[SourceQuality "1"]
[WhiteTeam "Albania"]
[BlackTeam "Andorra"]
[WhiteTeamCountry "ALB"]
[BlackTeamCountry "AND"]
[TimeControl "40/5400+30:1800+30"]

1. e4 c5 2. Nf3 g6 3. c4 Bg7 4. d4 cxd4 5. Nxd4 Nc6 6. Be3 Nf6 7. Nc3 d6 8. Be2 Bd7 9. O-O O-O 10. Qd2 Nxd4 11. Bxd4 Bc6 12. f3 a5 13. b3 Qc7 14. Rac1 Rfc8 15. Rc2 Nd7 16. Bf2 Nc5 17. Rb1 Ne6 18. Rbc1 Qd8 19. Kh1 Be5 20. Be3 Qf8 21. Nd5 Bxd5 22. cxd5 Rxc2 23. Rxc2 Nd8 24. Bb6 f5 25. Bd3 f4 26. Bxa5 Nf7 27. Bb5 g5 28. Bd7 h5 29. Be6 Kh7 30. b4 Nh6 31. Qc1 Qg7 32. Rc8 Ra6 33. Qc7 b6 34. Re8 Bf6 35. Qb7 bxa5 36. b5 Rb6 37. Qxb6 g4 38. Qf2 Bd4 39. Qh4 Bf6 40. Qxh5 Qg5 41. Qxg5 Bxg5 42. b6 1-0

[Event "44th Chess Olympiad Women 2022"]
[Site "Chennai"]
[Date "2022.08.02"]
[Round "5.44"]
[White "Manova, Ivana"]
[Black "Chuemsakul, Sarocha"]
[Result "1-0"]
[ECO "C47"]
[WhiteElo "1849"]
[BlackElo "1684"]
[Annotator "NA RC COMBH"]
[PlyCount "113"]
[EventDate "2022.07.29"]
[EventType "team-tourn"]
[EventCountry "IND"]
[SourceTitle "playchess.com"]
[Source "ChessBase"]
[SourceQuality "1"]
[WhiteTeam "Macedonia"]
[BlackTeam "Thailand"]
[WhiteTeamCountry "MKD"]
[BlackTeamCountry "THA"]
[TimeControl "40/5400+30:1800+30"]

1. e4 e5 2. Nf3 Nc6 3. Nc3 Nf6 4. d4 exd4 5. Nxd4 Bb4 6. Nxc6 bxc6 7. Bd3 O-O 8. O-O d5 9. exd5 cxd5 10. Bg5 Be6 11. Qf3 c5 12. Bxf6 Qxf6 13. Nxd5 Bxd5 14. Qxd5 Qxb2 15. Rab1 Qf6 16. Rb3 Rfd8 17. Qe4 g6 18. a3 Bc3 19. Rb7 Rd4 20. Rxf7 Rxe4 21. Rxf6 Ra4 22. Ra6 Rxa6 23. Bxa6 Rf8 24. g3 Rb8 25. Rd1 Bd4 26. Kg2 Rb2 27. Bc4+ Kg7 28. Bb3 a5 29. a4 g5 30. Kf3 Kf6 31. Ke4 h6 32. f3 h5 33. Kd3 h4 34. Kc4 Kf5 35. Kb5 hxg3 36. hxg3 Ke5 37. Re1+ Kf5 38. Rd1 Ke5 39. Kc4 Kf5 40. Kb5 Ke5 41. Kxa5 c4 42. Bxc4 Rxc2 43. f4+ gxf4 44. gxf4+ Kd6 45. Rxd4+ Kc5 46. Bd3 Rb2 47. Rc4+ Kd6 48. Rc1 Rd2 49. Bb5 Rf2 50. Rc4 Kd5 51. Kb6 Rh2 52. Rc5+ Kd4 53. a5 Rh8 54. Rc7 Rb8+ 55. Rb7 Rf8 56. a6 Kd5 57. Rd7+ 1-0

[Event "44th Chess Olympiad Women 2022"]
[Site "Chennai"]
[Date "2022.08.02"]
[Round "5.44"]
[White "Prommuang, Araya"]
[Black "Nikolovska, Dragana"]
[Result "1/2-1/2"]
[ECO "B76"]
[WhiteElo "1651"]
[BlackElo "1876"]
[Annotator "NA RC COMBH"]
[PlyCount "51"]
[EventDate "2022.07.29"]
[EventType "team-tourn"]
[EventCountry "IND"]
[SourceTitle "playchess.com"]
[Source "ChessBase"]
[SourceQuality "1"]
[WhiteTeam "Thailand"]
[BlackTeam "Macedonia"]
[WhiteTeamCountry "THA"]
[BlackTeamCountry "MKD"]
[TimeControl "40/5400+30:1800+30"]

1. e4 c5 2. Nf3 d6 3. d4 cxd4 4. Nxd4 Nf6 5. Nc3 g6 6. f3 Bg7 7. Be3 Nc6 8. Qd2 O-O 9. O-O-O d5 10. Nxc6 bxc6 11. exd5 cxd5 12. g4 Qa5 13. a3 e6 14. Bh6 d4 15. Bxg7 dxc3 16. Qh6 cxb2+ 17. Kxb2 Rb8+ 18. Ka2 Qc3 19. Bb5 Rxb5 20. Rb1 Qxc2+ 21. Ka1 Qc3+ 22. Ka2 Qc2+ 23. Ka1 Qc3+ 24. Ka2 Qc2+ 25. Ka1 Qc3+ 26. Ka2 1/2-1/2